 Dungeon Crawl Stone Soup version 0.19.0-19-g8c6edcc (webtiles) character file.

184 Millan the Skirmisher (level 5, -8/47 HPs)
             Began as a Minotaur Fighter on Nov 12, 2016.
             Mangled by an ogre
             ... wielding a +0 giant club
              (17 damage)
             ... on level 4 of the Dungeon.
             The game lasted 00:04:24 (2373 turns).

Millan the Skirmisher (Minotaur Fighter)            Turns: 2373, Time: 00:04:25

Health: -8/47      AC: 12    Str: 22    XL:     5   Next: 36%
Magic:  4/4        EV:  4    Int:  5    God:
Gold:   86         SH:  9    Dex:  9    Spells: 0 memorised, 4 levels left

rFire  x . .     SeeInvis .     a - +0 war axe
rCold  + . .     Gourm    .     u - +0 plate armour
rNeg   . . .     Faith    .     c - +0 shield
rPois  .         Spirit   .     (helmet restricted)
rElec  .         Reflect  .     (no cloak)
rCorr  .         Harm     .     (no gloves)
MR     .....                    (no boots)
Stlth  ..........               (no amulet)
                                e - ring of flight
                                s - ring of ice

@: no status effects
A: retaliatory headbutt, horns 2
a: Evoke Flight


You were on level 4 of the Dungeon.
You were not hungry.

You visited 1 branch of the dungeon, and saw 4 of its levels.

You collected 86 gold pieces.

Inventory:

Hand Weapons
 a - a +0 war axe (weapon)
Armour
 c - a +0 shield (worn)
 u - a +0 plate armour (worn)
Jewellery
 e - a ring of flight (right hand)
 s - a ring of ice (left hand)
Scrolls
 k - 3 scrolls of identify {unknown}
 l - 2 scrolls of enchant armour {unknown}
 n - 2 scrolls of recharging {unknown}
 o - a scroll of fear {unknown}
 p - 2 scrolls of amnesia {unknown}
 q - a scroll of teleportation {unknown}
Potions
 d - 2 potions of might
 g - a potion of curing
 j - 2 potions of brilliance {unknown}
 m - 2 potions of heal wounds {unknown}
 t - a potion of flight {unknown}
Comestibles
 f - 3 bread rations
 h - 4 meat rations
 i - a beef jerky
 r - 4 chunks of flesh


   Skills:
 + Level 4.9 Fighting
 * Level 4.3 Axes
 + Level 4.6 Armour
 * Level 4.6 Shields


You had 4 spell levels left.
You didn't know any spells.

Dungeon Overview and Level Annotations

Branches:
Dungeon (4/15)
 Temple: D:4-7

Altars:
Cheibriados
Elyvilon
Gozag
Zin


Innate Abilities, Weirdness & Mutations

You reflexively headbutt those who attack you in melee.
You have a pair of horns on your head.


Message History

You hit the orc but do no damage. You block the adder's attack.
You block the orc's attack. The ogre hits you with a giant club.
* * * LOW HITPOINT WARNING * * *
The orc wizard hits you but does no damage.
The giant cockroach bites you but does no damage.
It was a potion of curing.
You feel better. The adder bites you but does no damage.
You block the orc's attack.
The orc wizard hits you but does no damage.
The ogre hits you with a giant club.
* * * LOW HITPOINT WARNING * * *
You block the giant cockroach's attack. The adder bites you but does no damage.
You closely miss the adder. Your headbutt misses the adder.
The adder is lightly wounded.
You hit the ogre. You slash the orc wizard!
You kill the orc wizard!
Your shield and plate armour prevent you from hitting the giant cockroach.
You closely miss the orc. The orc hits you but does no damage.
You block the giant cockroach's attack. The adder bites you but does no damage.
The ogre hits you with a giant club!
You die...

#.........#
#....######
##..........
. #.#########
.. #.#
...######.#
........(.#
......so..#
......o@(.#
......O.S.#
..........#
/.........#
..........#
...........
............
........#####


You could see an ogre, an adder, 2 orcs and a giant cockroach.

Vanquished Creatures
  An orc wizard (D:4)
  An iguana (D:4)
  Jessica (D:3)
  A worker ant (D:4)
  3 adders
  2 worms
  2 leopard geckos
  3 orcs
  2 giant cockroaches (D:3)
  4 goblins
  6 hobgoblins
  A quokka (D:3)
  7 bats
  3 frilled lizards
  5 kobolds
  2 rats
44 creatures vanquished.

Notes
Turn   | Place    | Note
-------+----------+-------------------------------------------
     0 | D:1      | Millan the Minotaur Fighter began the quest for the Orb.
     0 | D:1      | Reached XP level 1. HP: 19/19 MP: 0/0
   405 | D:1      | Reached XP level 2. HP: 27/27 MP: 1/1
   762 | D:2      | Found a white marble altar of Elyvilon.
   990 | D:2      | Found a snail-covered altar of Cheibriados.
  1045 | D:2      | You fall through a shaft!
  1070 | D:3      | Reached XP level 3. HP: 32/33 MP: 2/2
  1931 | D:3      | Noticed Jessica
  1942 | D:3      | Killed Jessica
  1942 | D:3      | Reached XP level 4. HP: 30/41 MP: 3/3
  1996 | D:3      | Found a faded altar of an unknown god.
  2005 | D:3      | Found an opulent altar of Gozag.
  2011 | D:3      | Found a glowing silver altar of Zin.
  2346 | D:4      | Reached XP level 5. HP: 41/47 MP: 4/4
  2364 | D:4      | Noticed an ogre
  2373 | D:4      | Mangled by an ogre

Skill      XL: |  1  2  3  4 |
---------------+-------------+-----
Fighting       | 4 |  4.9
Axes           | 3 4 |  4.3
Armour         | 4 |  4.6
Shields        | 4 |  4.6

Action                   |  1- 3 |  4- 6 || total
-------------------------+-------+-------++-------
Melee: War axe           |    84 |    39 ||   123
       Headbutt          |    13 |     8 ||    21
  Use: Potion            |       |     1 ||     1
  Eat: Chunk             |     3 |     2 ||     5
Armor: Scale mail        |    45 |    11 ||    56
       Plate armour      |       |    25 ||    25
Dodge: Dodged            |    25 |     6 ||    31
Block: Shield            |    63 |    32 ||    95
